cohdb
Replays
Latest Replays
All Replays
Popular Replays
Top Player Replays
Match Explorer
How It Works
Community
CoH3 Stats
Reddit
Sign in to upload your games and track your stats! →
Sign in with Steam
Match 47340141
Unlisted
Match 47340141
Overview
Messages
Build Orders
End
Pioneer Squad
Construct Infanterie Kompanie
Grenadier Squad
MG 42 Machine Gun Team
GrW 34 Mortar Team
Construct Panzergrenadier Kompanie
Pak 40 Anti-tank Gun Team
Panzergrenadier Squad
Support Elements
Medical Bunker
Panzergrenadier Squad
Selects Mechanized Battlegroup
Selects Spotting Scopes
Selects Stoßtruppen Assault Package
Nebelwerfer 42 Rocket Launcher Team
Construct Panzer Kompanie
Selects Raid Package
Medical Bunker
Sturmpanzer IV Brummbär
Stoßtruppen Squad
Selects StuG Assault Group
Selects UNKNOWN (2160084)
Side Skirts
Panzer Officer Quarters
Pak 40 Anti-tank Gun Team
Panzer IV Medium Tank
Selects Zeroing Artillery Barrage
Pioneer Squad
Panther Heavy Tank
Unsafe
武器大师
⁂ㅣdriftx13
saihan2712
Dr_Jan_Itor
coh
0
0
Comments
sign in to comment!
No comments posted yet!